 Dungeon Crawl Stone Soup version 0.32-a0-666-ge8a88695a4 (webtiles) character file.

Game seed: 17070997354872598336

134 hikkokomori the Chopper (level 5, 0/42 HPs)
             Began as a Coglin Berserker on Mar 9, 2024.
             Was a Believer of Trog.
             Incinerated by a bombardier beetle (3 damage)
             ... with a burning spray
             ... on level 3 of the Dungeon.
             The game lasted 00:02:51 (1640 turns).

hikkokomori the Chopper (Coglin Berserker)          Turns: 1640, Time: 00:02:51

Health: 0/42       AC:  7    Str: 19    XL:     5   Next: 17%
Magic:  5/5        EV: 10    Int:  6    God:    Trog [**....]
Gold:   74         SH:  0    Dex: 14    Spells: 4/4 levels left

rFire   . . .        a - +0 hand axe {Yan}
rCold   . . .        c - +0 dagger {Titus}
rNeg    . . .        j - +0 scale mail
rPois   .            (no helmet)
rElec   .            g - +0 cloak
rCorr   .            (no gloves)
SInv    .            (no boots)
Will    .....        (amulet unavailable) Stlth
                     (ring unavailable)
HPRegen 0.27/turn    (ring unavailable)
MPRegen 0.09/turn    (no gizmo)

%: no passive effects
@: on fire, glowing, revved
A: off-hand wielding, slow wielding, warmup strikes, no jewellery
a: Invent Gizmo, Renounce Religion, Berserk, Trog's Hand


You were on level 3 of the Dungeon.
You worshipped Trog.
Trog was pleased with you.
You visited 1 branch of the dungeon, and saw 3 of its levels.

You collected 74 gold pieces.

Inventory:

Hand Weapons
 a - a +0 hand axe (weapon) {Yan}
 c - a +0 dagger (offhand) {Titus}
Armour
 b - a +0 animal skin
 g - a +0 cloak (worn)
 j - a +0 scale mail (worn)
Scrolls
 d - 4 scrolls of identify {unknown}
 k - 2 scrolls of blinking {unknown}
 m - a scroll of teleportation {unknown}
 n - a scroll of immolation {unknown}
 o - a scroll of fog {unknown}
 p - a scroll of noise {unknown}
 q - a scroll of silence {unknown}
 r - a scroll of acquirement {unknown}
 s - a scroll of vulnerability {unknown}
Potions
 e - a potion of enlightenment {unknown}
 f - 2 potions of heal wounds {unknown}
 h - a potion of curing {unknown}
 i - a potion of attraction {unknown}
 l - 2 potions of lignification {unknown}


   Skills:
 + Level 3.9 Fighting
 + Level 1.1 Short Blades
 + Level 3.9 Axes
 - Level 2.4 Armour
 - Level 2.4 Dodging


You had 4 spell levels left.
You didn't know any spells.
Your spell library was empty.

Dungeon Overview and Level Annotations

Branches:
Dungeon (3/15)

Altars:


Innate Abilities, Weirdness & Mutations

You can wield a second weapon in your off-hand.
It takes a long time for you to wield or remove held weapons.
Your first few attacks do less damage.
You cannot equip rings or amulets.


Message History

You are too injured to fight recklessly!
You are too injured to fight recklessly!
You are too injured to fight recklessly!
You are too injured to fight recklessly!
You are too injured to fight recklessly!
You are too injured to fight recklessly!
You are too injured to fight recklessly!
You hit the jackal with your +0 hand axe.
You kill the jackal!
Trog accepts your kill. The liquid fire burns you!
You feel sick.
The bombardier beetle sprays incendiary fluid at you.
The burning spray hits you.
You are even more covered in liquid fire!
You shake off some of the fire as you move.
The liquid fire burns you!
You feel sick.
You shake off some of the fire as you move.
The liquid fire burns you!
You feel sick. The bombardier beetle bites you.
You hit the bombardier beetle with your +0 dagger.
The bombardier beetle is lightly wounded.
You hit the bombardier beetle with your +0 hand axe.
The liquid fire burns you!
* * * LOW HITPOINT WARNING * * *
You feel sick.
The bombardier beetle barely misses you.
You barely miss the bombardier beetle with your +0 dagger.
The bombardier beetle is moderately wounded.
You hit the bombardier beetle but do no damage.
The liquid fire burns you!
* * * LOW HITPOINT WARNING * * *
You feel sick.
You are no longer poisoned.
You hit the bombardier beetle but do no damage.
The bombardier beetle is moderately wounded.
You hit the bombardier beetle with your +0 hand axe.
The liquid fire burns you!
You die...

######## ##......##
##........# ##..........
#############...........
..............†.....!...
........###.............
........##......@.......
........#.......B.......
................?.......
........................
######..................
#######†..............(.
.......#................
......<##=..............
ß..ß...###.....


You could see a bombardier beetle.

Vanquished Creatures
  A hound (D:3)
  5 adders
  A gnoll (D:1)
  2 dart slugs
  An orc (D:3)
  2 endoplasms
  2 giant cockroaches
  4 goblins
  4 hobgoblins
  2 jackals (D:3)
  4 quokkas
  3 ball pythons
  4 bats
  A frilled lizard (D:1)
  4 kobolds
  7 rats
47 creatures vanquished.

Notes
Turn   | Place    | Note
-------+----------+-------------------------------------------
     0 | D:1      | hikkokomori the Coglin Berserker began the quest for the
                  | Orb.
     0 | D:1      | Reached XP level 1. HP: 18/18 MP: 1/1
   207 | D:1      | Reached XP level 2. HP: 24/24 MP: 2/2
   218 | D:1      | HP: 1/24 [kobold/+0 short sword (1)]
   429 | D:1      | Reached XP level 3. HP: 29/29 MP: 3/3
   572 | D:1      | Found a faded altar of an unknown god.
   577 | D:1      | You fall into a shaft and drop 1 floor!
   897 | D:2      | Reached XP level 4. HP: 35/35 MP: 4/4
  1363 | D:3      | Reached ** piety under Trog
  1607 | D:3      | Reached skill level 1 in Short Blades
  1607 | D:3      | Reached XP level 5. HP: 42/42 MP: 5/5
  1640 | D:3      | Incinerated by a bombardier beetle

Illustrated notes

Levels and vault maps discovered:
D:1:      ebering_trefoil_twist, layout_rooms,
          ebering_ecumenical_altar_petrified
D:2:      layout_loops_ring, ebering_dispersal_statue_hall
D:3:      layout_basic, minmay_misc_feat_plants

Skill      XL: |  1  2  3  4 |
---------------+-------------+-----
Armour         | 2 |  2.4
Dodging        | 2 |  2.4
Short Blades   | 1 |  1.1
Fighting       | |  3.9
Axes           | |  3.9

Action                     |  1- 3 |  4- 6 || total
---------------------------+-------+-------++-------
  Melee: Dagger            |    75 |    42 ||   117
         Hand axe          |    75 |    45 ||   120
 Invoke: Berserk           |     1 |       ||     1
 Armour: Animal skin       |    26 |       ||    26
         Scale mail        |    19 |    28 ||    47
  Dodge: Dodged            |    51 |    27 ||    78

Table legend: (Time is in decaauts)
 A = Elapsed time spent in this place.
 B = Non-inter-level travel time spent in this place.
 C = Inter-level travel time spent in this place.
 D = Time resting spent in this place.
 E = Time spent auto-exploring this place.
 F = Levels seen in this place.
 G = Mean time per level.
                   A        B        C        D        E       F      G
               +--------+--------+--------+--------+--------+-----+--------+
         Total |   1658 |   1618 |     40 |     37 |   1209 |   3 |  552.7 |
       Dungeon |   1658 |   1618 |     40 |     37 |   1209 |   3 |  552.7 |
               +--------+--------+--------+--------+--------+-----+--------+

Top non-repeatable levels by time:
     D:1: 724 daAuts
     D:2: 610 daAuts
     D:3: 323 daAuts
